Construct Section Command Post
Selects Heavy Armor Battlegroup
Selects Heavy Armor Battlegroup
Construct Platoon Command Post
Selects Engineer Detachments
Unlock M3 Stuart Light Tanks
Selects Light Vehicle Withdraw and Refit
6-pounder Anti-tank Gun Team
Selects Forward Repair Assembly
6-pounder Anti-tank Gun Team
Selects Churchill Black Prince Heavy Tank
Churchill Black Prince Heavy Tank
Construct Company Command Post
Selects Designate Targets